 Dungeon Crawl Stone Soup version 0.29.1-12-g30fa7ad0bf (webtiles) character file.

Game seed: 14049117664603848850

49 croobank the Insei (level 3, -4/34 HPs)
             Began as an Octopode Transmuter on Jan 1, 2023.
             Slain by a gnoll
             ... wielding a +0 flail
              (7 damage)
             ... on level 3 of the Dungeon.
             The game lasted 00:05:46 (2685 turns).

croobank the Insei (Octopode Transmuter)            Turns: 2685, Time: 00:05:47

Health: -4/34      AC: 21    Str:  9    XL:     3   Next: 75%
Magic:  4/6        EV:  2    Int: 23    God:
Gold:   76         SH:  0    Dex: 12    Spells: 0/6 levels left

rFire   . . .      SeeInvis .   a - +0 short sword
rCold   . . .      Faith    .   (no shield)
rNeg    + . .      Spirit   .   (helmet currently unavailable)
rPois   +          Reflect  .   (no amulet)
rElec   .          Harm     .   i - +6 ring of intelligence
rCorr   .          Rampage  .   f - ring of positive energy
Will    .....      NoTele   +   (no ring)
Stlth   ++........              (no ring)
HPRegen 0.11/turn               (no ring)
MPRegen 0.10/turn               (no ring)
                                (no ring)
                                (no ring)

@: tree-form, wereblooded
A: stationary, stasis, torment immunity, boosted hp, almost no armour,
(amphibious), 8 rings, (camouflage 1), (gelatinous body 1), (nimble swimmer 1),
(tentacles)
a: no special abilities


You were on level 3 of the Dungeon.
You were a tree.
You visited 1 branch of the dungeon, and saw 3 of its levels.

You collected 124 gold pieces.
You spent 48 gold pieces at shops.

Inventory:

Hand Weapons
 a - a +0 short sword (weapon)
 b - a +0 sling
Missiles
 c - 8 javelins
Jewellery
 f - a ring of positive energy (right branch)
 i - a +6 ring of intelligence (left branch)
Wands
 g - a wand of iceblast (12)
Scrolls
 e - 3 scrolls of identify
 h - a scroll of teleportation {unknown}
 k - a scroll of fog


   Skills:
 + Level 1.4 Fighting
 + Level 2.2 Dodging
 * Level 2.4 Stealth
 - Level 3.2 Unarmed Combat
 + Level 2.2 Spellcasting
 + Level 2.2 Transmutations
 + Level 0.5 Poison Magic


You couldn't memorise any spells.
You knew the following spells:

 Your Spells              Type           Power      Damage    Failure   Level
a - Beastly Appendage     Tmut           24%        N/A       4%          1
b - Wereblood             Tmut           12%        N/A       8%          2
c - Spider Form           Tmut/Pois      9%         N/A       22%         3

Your spell library contained the following spells:

 Spells                   Type           Power      Damage    Failure   Level
 Ensorcelled Hibernation  Hex/Ice        4%         N/A       19%         2
 Ice Form                 Ice/Tmut       7%         N/A       61%         4
 Anguish                  Hex/Necr       1%         N/A       77%         4


Dungeon Overview and Level Annotations

Branches:
Dungeon (3/15)

Altars:

Shops:
D:2 *


Innate Abilities, Weirdness & Mutations

You are a tree.
Your roots penetrate the ground, keeping you stationary.
You cannot be teleported.
You are immune to unholy pain and torment.
Your maximum health is greatly increased.
You cannot wear most types of armour.
((You are amphibious.))
You can wear up to eight rings at the same time.
((Your skin changes colour to match your surroundings (Stealth+).))
((Your rubbery body absorbs attacks. (AC +1, EV +1)))
((You are camouflaged when in or above water. (Stealth+)))
((You have tentacles for arms and can constrict up to eight enemies at once.))


Message History

The gnoll hits you with a +2 flail of venom!
You are lethally poisoned!
The gnoll barely misses you.
Okay, then.
Really quaff the potion of lignification?
Your tentacle spike disappears.
You turn into a tree.
Your roots penetrate the ground.
You feel very sick.
The gnoll hits you but does no damage. x2
You feel better.
The gnoll hits you with a +2 flail of venom.
The gnoll hits you but does no damage. x2
Casting: Beastly Appendage (safe; 4% risk of failure)
Confirm with . or Enter, or press ? or * to list all spells.
Your blood is infused with primal strength.
The gnoll hits you but does no damage.
The gnoll hits you with a +2 flail of venom!
* * * LOW HITPOINT WARNING * * *
The gnoll hits you but does no damage. The gnoll hits you with a +0 flail.
* * * LOW HITPOINT WARNING * * *
You feel better.
The gnoll hits you but does no damage. x3
The gnoll hits you with a +0 flail!
* * * LOW HITPOINT WARNING * * *
Aiming: Iceblast
Press: ? - help, Shift-Dir - straight line, f - gnoll
Aim: a gnoll, wielding a +2 flail of venom (lightly wounded)
The mass of ice explodes!
The iceblast engulfs the gnoll!
You feel a bit better.
You kill the gnoll!
The iceblast engulfs the gnoll!
You kill the gnoll!
The iceblast engulfs the gnoll!
The gnoll is severely wounded.
The iceblast engulfs you.
* * * LOW HITPOINT WARNING * * *
The iceblast engulfs the gnoll!
You kill the gnoll!
You hear a bark!
You hear a shout! x2
The gnoll hits you with a +0 flail!
You die...

##.......#
######.#####.#
#.......### #
#.#.......#
#.##..#.# #.
#..#.##.# .
#..(....# .
##.#.#### #.
#♣#.# #g)....#
..))#.#.#
###.##.#.# ..
# # ... #..
#..


You could see a gnoll.

Vanquished Creatures
  3 gnolls (D:3)
  An adder (D:2)
  A worm (D:2)
  3 dart slugs
  2 bats (D:2)
  4 endoplasms
  2 giant cockroaches (D:2)
  4 kobolds
  2 quokkas
  4 ball pythons
  2 frilled lizards (D:1)
  2 goblins (D:1)
  4 rats
34 creatures vanquished.

Notes
Turn   | Place    | Note
-------+----------+-------------------------------------------
     0 | D:1      | croobank the Octopode Transmuter began the quest for the
                  | Orb.
     0 | D:1      | Reached XP level 1. HP: 13/13 MP: 3/3
   201 | D:1      | Reached XP level 2. HP: 18/18 MP: 3/5
   350 | D:1      | Reached skill level 1 in Stealth
   473 | D:1      | Learned a level 2 spell: Wereblood
  1454 | D:2      | Reached XP level 3. HP: 23/23 MP: 2/6
  1458 | D:2      | Learned a level 3 spell: Spider Form
  1814 | D:2      | Found Sonn's General Store.
  1818 | D:2      | Bought 2 scrolls of identify for 48 gold pieces
  2685 | D:3      | Slain by a gnoll

Illustrated notes

Levels and vault maps discovered:
D:1:      eino_arrival_cavern_a, layout_loops_ring
D:2:      layout_basic, serial_shops, shop_statue, minmay_misc_feat_rugged,
          minmay_misc_feat_square
D:3:      cheibrodos_greedy_goblins, layout_loops_corners,
          kennysheep_minor_cross

Skill      XL: |  1  2  3 |
---------------+----------+-----
Stealth        | 1 2 |  2.4
Fighting       | |  1.4
Dodging        | |  2.2
Unarmed Combat | |  3.2
Spellcasting   | |  2.2
Transmutations | |  2.2
Poison Magic   | |  0.5

Action                   || total
-------------------------++-------
Melee: Short sword       ||    59
       Kick              ||    18
       Constrict         ||    18
       Unarmed           ||     4
       Tentacles         ||    12
       Punch             ||     1
 Cast: Beastly Appendage ||    25
       Wereblood         ||    19
Evoke: Wand              ||     1
  Use: Scroll            ||     4
       Potion            ||     3
 Stab: Sleeping          ||     7
Armor: Skin              ||    12
Dodge: Dodged            ||    40
